 Dungeon Crawl Stone Soup version 0.31-a0-875-g02e7d12df6 (webtiles) character file.

Game seed: 3631961605918983735

129 hikkokomori the Shooter (level 5, -4/41 HPs)
             Began as a Human Hunter on Oct 12, 2023.
             Was an Initiate of Vehumet.
             Slain by Grinder (9 damage)
             ... while paralysed by Grinder
             ... on level 3 of the Dungeon.
             The game lasted 00:03:29 (2603 turns).

hikkokomori the Shooter (Human Hunter)              Turns: 2603, Time: 00:03:30

Health: -4/41      AC:  6    Str: 12    XL:     5   Next: 35%
Magic:  5/5        EV:  2    Int: 19    God:    Vehumet [......]
Gold:   106        SH:  0    Dex: 16    Spells: 4/4 levels left

rFire   . . .        k - +1 whip (venom)
rCold   . . .        (no shield)
rNeg    . . .        c - +0 leather armour
rPois   .            h - +2 hat
rElec   .            (no cloak)
rCorr   +            (no gloves)
SInv    .            j - +0 pair of boots
Will    .....        (no amulet)
Stlth   ++           g - ring "Vulupn" {rCorr Int+2}
HPRegen 0.26/turn    f - +6 ring of intelligence
MPRegen 0.09/turn

%: no passive effects
@: paralysed
A: no striking features
a: Renounce Religion


You were on level 3 of the Dungeon.
You worshipped Vehumet.
Vehumet was noncommittal.
You visited 1 branch of the dungeon, and saw 3 of its levels.

You collected 106 gold pieces.

Inventory:

Hand Weapons
 a - a +0 shortbow
 k - a +1 whip of venom (weapon)
Armour
 c - a +0 leather armour (worn)
 h - a +2 hat (worn)
 j - a +0 pair of boots (worn)
Magical Staves
 e - a staff of cold
Jewellery
 f - a +6 ring of intelligence (right hand)
 g - the ring "Vulupn" (left hand) {rCorr Int+2}
   (You found it on level 2 of the Dungeon)

   [ring of resist corrosion]

   Int+2:     It affects your intelligence (+2).
   rCorr:     It protects you from acid and corrosion.
 r - a ring of resist corrosion
Wands
 q - a wand of charming (7)
Scrolls
 b - a scroll of butterflies
 d - a scroll of blinking
 p - 2 scrolls of revelation
Potions
 l - 4 potions of curing
 m - a potion of might {unknown}
 n - a potion of mutation {unknown}
 o - a potion of enlightenment {unknown}


   Skills:
 + Level 3.4 Fighting
 + Level 4.8 Ranged Weapons
 - Level 2.0 Dodging
 + Level 3.0 Stealth


You had 4 spell levels left.
You didn't know any spells.
Your spell library was empty.

Dungeon Overview and Level Annotations

Branches:
Dungeon (3/15)

Altars:
Qazlal
Vehumet

Annotations:
D:3 Grinder


Message History

Aiming: Charm
Press: ? - help, Shift-Dir - straight line, f/p - Grinder
Aim: Grinder (heavily wounded, very poisoned, chance to affect: 49%)
Okay, then.
Okay, then.
Okay, then.
As you read the scroll labelled TAIX GEMNE, it crumbles to dust.
It is a scroll of enchant weapon.
Your +0 whip of venom glows red for a moment.
You close the door.
You start resting.
Grinder opens the door.
You see here 2 stones.
Grinder hits you but does no damage.
You hit Grinder but do no damage.
Grinder is heavily wounded.
Grinder misses you.
You hit Grinder.
Grinder is severely wounded.
Grinder barely misses you.
You closely miss Grinder.
Grinder is severely wounded.
Grinder hits you.
* * * LOW HITPOINT WARNING * * *
You barely miss Grinder.
Grinder is severely wounded.
Grinder gestures at you. Pain shoots through your body!
* * * LOW HITPOINT WARNING * * *
Unknown command.
You barely miss Grinder.
Grinder is severely wounded.
Grinder closely misses you.
Unknown command.
You barely miss Grinder.
Grinder is severely wounded.
Grinder gestures at you.
You suddenly lose the ability to move!
Grinder hits you!
You die...
Grinder says, "Now the real fun starts!"

#.#.## ##.....).## ##.###.#
####....####.........####...##.#
...........+.........'.........#
####....####.........####...#.##
#.#.## ##.......## ##.##.# #.###
##.....## #.##.### ##.# ##...##
#....... #..# ##5## ####.###
#.## #@# #.#
###.############(### #.#
........##.........# #.#
###.###.##.####....# #.# # #.#
#.##.# #.....# #.# # #.###.##.#
##....##########.# # #....<...#
##..............# # #####.####
#.#.############ # #.# #.###


You could see Grinder (poisoned).

Vanquished Creatures
  Jessica (D:3)
  4 gnolls
  A worm (D:2)
  A dart slug (D:1)
  4 ball pythons
  3 endoplasms
  A giant cockroach (D:2)
  5 hobgoblins
  10 jackals
  3 quokkas
  6 bats
  4 frilled lizards
  6 goblins
  5 kobolds
  5 rats
59 creatures vanquished.

Notes
Turn   | Place    | Note
-------+----------+-------------------------------------------
     0 | D:1      | hikkokomori the Human Hunter began the quest for the Orb.
     0 | D:1      | Reached XP level 1. HP: 16/16 MP: 1/1
    92 | D:1      | Reached XP level 2. HP: 22/22 MP: 2/2
   476 | D:1      | Reached XP level 3. HP: 23/28 MP: 3/3
   888 | D:2      | Identified the ring "Vulupn" {rCorr Int+2}
   920 | D:2      | Found a radiant altar of Vehumet.
   929 | D:2      | Became a worshipper of Vehumet
  1254 | D:2      | Reached XP level 4. HP: 25/34 MP: 4/4
  1957 | D:3      | Noticed Grinder
  1961 | D:3      | Paralysed by Grinder for 5 turns
  2199 | D:3      | Noticed Jessica
  2201 | D:3      | Killed Jessica
  2205 | D:3      | Reached XP level 5. HP: 41/41 MP: 5/5
  2492 | D:3      | Found a stormy altar of Qazlal.
  2566 | D:3      | Paralysed by Grinder for 5 turns
  2603 | D:3      | Paralysed by Grinder for 2 turns
  2603 | D:3      | Slain by Grinder

Illustrated notes

Levels and vault maps discovered:
D:1:      wheals_arrival_linesprint, layout_basic
D:2:      layout_loops_ring, basic_altar, hangedman_decor_clover_reticule,
          cheibrodos_gnoll_hut
D:3:      layout_loops_corners, general_overflow_altar, uniq_grinder,
          uniq_jessica

Skill      XL: |  1  2  3  4  5 |
---------------+----------------+-----
Stealth        | 2 3 |  3.0
Fighting       | 3 |  3.4
Ranged Weapons | |  4.8
Dodging        | |  2.0

Action                     |  1- 3 |  4- 6 || total
---------------------------+-------+-------++-------
  Melee: Whip              |       |    24 ||    24
   Fire: Shortbow          |    82 |    65 ||   147
  Evoke: Wand              |       |     1 ||     1
    Use: Scroll            |     4 |     5 ||     9
 Armour: Leather armour    |    21 |    24 ||    45
  Dodge: Dodged            |    26 |    23 ||    49

Table legend: (Time is in decaauts)
 A = Elapsed time spent in this place.
 B = Non-inter-level travel time spent in this place.
 C = Inter-level travel time spent in this place.
 D = Time resting spent in this place.
 E = Time spent auto-exploring this place.
 F = Levels seen in this place.
 G = Mean time per level.
                   A        B        C        D        E       F      G
               +--------+--------+--------+--------+--------+-----+--------+
         Total |   2636 |   2544 |     92 |     18 |   2120 |   3 |  878.7 |
       Dungeon |   2636 |   2544 |     92 |     18 |   2120 |   3 |  878.7 |
               +--------+--------+--------+--------+--------+-----+--------+

Top non-repeatable levels by time:
     D:3: 996 daAuts
     D:1: 870 daAuts
     D:2: 769 daAuts
